 Dungeon Crawl Stone Soup version 0.29.0-4-gdea44cf6ec (webtiles) character file.

Game seed: 10521968595279917991

821 qw the Cleaver (level 7, 0/39 (41) HPs)
             Began as a Tengu Warper on Aug 28, 2022.
             Slain by a wight
             ... wielding a +2 halberd of venom
              (4 damage)
             ... on level 6 of the Dungeon.
             The game lasted 00:00:32 (5800 turns).

qw the Cleaver (Tengu Warper)                       Turns: 5800, Time: 00:00:33

HP:   0/39 (41)     AC:  8    Str: 14    XL:     7   Next: 95%
MP:   11/11         EV: 11    Int: 13    God:
Gold: 368           SH:  0    Dex: 13    Spells: 10/10 levels left

rFire   . . .      SeeInvis .   Y - +2 war axe
rCold   . . .      Faith    .   (no shield)
rNeg    . . .      Spirit   .   b - +0 scale mail
rPois   +          Reflect  .   (helmet restricted)
rElec   .          Harm     .   (no cloak)
rCorr   .          Rampage  .   e - +1 pair of gloves
Will    .....                   (boots unavailable)
Stlth   ..........              (no amulet)
HPRegen 0.13/turn               c - ring of poison resistance
MPRegen 0.12/turn               (no ring)

@: lethally poisoned (0 -> -3), flying quickly and evasively, lightly drained,
quick
A: beak, talons 3, nimble flight
a: no special abilities


You were on level 6 of the Dungeon.
You visited 1 branch of the dungeon, and saw 6 of its levels.

You collected 368 gold pieces.


Innate Abilities, Weirdness & Mutations

You have a beak for a mouth.
You have claws for feet.
Your magical nature lets you fly swiftly and evasively.


   Skills:
 - Level 3.2 Fighting
 + Level 8.8 Axes
 - Level 1.0 Throwing
 - Level 2.7 Armour
 - Level 2.1 Dodging
 - Level 2.0 Spellcasting
 - Level 2.4 Translocations


You had 10 spell levels left.
You didn't know any spells.
Your spell library contained the following spells:

 Spells                   Type           Power      Damage    Failure   Level
 Blink                    Tloc           14%        N/A       52%         2
 Gell's Gravitas          Tloc           7%         N/A       75%         3
 Lesser Beckoning         Tloc           7%         N/A       75%         3
 Teleport Other           Tloc           7%         N/A       75%         3
 Manifold Assault         Tloc           7%         N/A       100%        5

Inventory:

Hand Weapons
 o - a +0 whip
 Y - a +2 war axe (weapon)
Armour
 b - a +0 scale mail (worn)
 e - a +1 pair of gloves (worn)
Jewellery
 a - a ring of ice
 c - a ring of poison resistance (left hand)
Scrolls
 f - a scroll of torment {unknown}
 k - 2 scrolls of identify
Potions
 d - 2 potions of might
 h - a potion of ambrosia {unknown}
 j - 3 potions of curing
 l - a potion of degeneration {unknown}
 m - a potion of mutation {unknown}
 n - a potion of heal wounds {unknown}

Dungeon Overview and Level Annotations

Branches:
Dungeon (6/15)
 Temple: D:4-7

Altars:
Ashenzari
Makhleb
Nemelex Xobeh
Trog
Uskayaw


Message History

You miss the ufetubus. Your kick misses the ufetubus.
The ufetubus completely misses you.
The ufetubus hits you but does no damage.
You slash the ufetubus!
You kill the ufetubus!
You now have 368 gold pieces (gained 12).
Things that are here:
a potion of brilliance; a potion of magic
Found a scroll of summoning.
Found 8 stones.
You see here a +0 leather armour.
Found a potion of magic.
Enter note:
Found a scroll of amnesia.
A wight comes into view. It is wielding a +2 halberd of venom.
Found a stone staircase leading down. 3 wights come into view.
The wight hits you with a +2 halberd of venom.
You feel drained.
You hit the wight but do no damage. You claw the wight, but do no damage.
The wight hits you with a +2 halberd of venom.
You are poisoned.
You hit the wight.
The wight is lightly damaged.
You feel sick.
The wight hits you with a +2 halberd of venom!
You closely miss the wight. You claw the wight.
The wight is moderately damaged.
You feel sick.
You hit the wight. Your kick misses the wight.
The wight is lightly damaged.
You feel sick.
The wight hits you from afar with a +2 halberd of venom!
You slash the wight! You claw the wight.
The wight is severely damaged.
You feel sick.
The wight hits you with a +0 long sword.
You feel drained.
The wight hits you from afar with a +2 halberd of venom.
You die... #### #........## #.###.?. #...>..... #....... ........# .###... ....... ##.# .....# #.# zzz.#

#.####.# #z#?# #.......
#@#.# ######.# ####.#.#
##########.# #.#....#.#
#..........#
#......#!###.##########
#............#
##.......#####
##......# ##.##.##
#.##.#


You could see 4 wights.

Vanquished Creatures
  A black bear (D:5)
  An ogre (D:5)
  Blork the orc (D:5)
  A scorpion (D:4)
  A necrophage (D:4)
  A jelly (D:5)
  7 hounds
  An iguana (D:5)
  6 adders
  3 gnolls (D:6)
  A white imp (D:6)
  An ufetubus (D:6)
  4 dart slugs
  3 orcs (D:3)
  3 endoplasms
  2 giant cockroaches
  7 goblins
  A hobgoblin (D:4)
  6 jackals (D:2)
  12 kobolds
  6 quokkas
  9 ball pythons
  6 bats
  5 frilled lizards
  4 rats
93 creatures vanquished.

Vanquished Creatures (others)
  17 plants (D:3)
17 creatures vanquished.

Grand Total: 110 creatures vanquished

Notes
Turn   | Place    | Note
-------+----------+-------------------------------------------
     0 | D:1      | qw the Tengu Warper began the quest for the Orb.
     0 | D:1      | Reached XP level 1. HP: 12/12 MP: 4/4
     0 | D:1      | 0 ||| qw: Version: 0.1-a-89-g26bdef1
     0 | D:1      | 0 ||| qw: Game counter: 156
     0 | D:1      | 0 ||| qw: Always use a shield: true
     0 | D:1      | 0 ||| qw: God list: Okawaru
     0 | D:1      | 0 ||| qw: Allow faded altars: false
     0 | D:1      | 0 ||| qw: Do Orc after D:15 true
     0 | D:1      | 0 ||| qw: Do second Lair branch before Depths: true
     0 | D:1      | 0 ||| qw: Lair rune preference: random
     0 | D:1      | 0 ||| qw: Plans: Normal
     0 | D:1      | 0 ||| PLANNING D:1-11
     9 | D:1      | 9 ||| Stepping ~*~*~tactically~*~*~ (stealth).
    11 | D:1      | 11 ||| Stepping ~*~*~tactically~*~*~ (stealth).
    16 | D:1      | 16 ||| Stepping ~*~*~tactically~*~*~ (stealth).
   190 | D:1      | Reached XP level 2. HP: 12/17 MP: 6/6
   371 | D:1      | Reached skill level 3 in Axes
   701 | D:1      | 701 ||| Stepping ~*~*~tactically~*~*~ (stealth).
   837 | D:1      | 837 ||| Stepping ~*~*~tactically~*~*~ (stealth).
   838 | D:1      | 838 ||| Stepping ~*~*~tactically~*~*~ (stealth).
   843 | D:1      | 843 ||| Stepping ~*~*~tactically~*~*~ (stealth).
   912 | D:1      | 912 ||| Stepping ~*~*~tactically~*~*~ (hiding).
  1014 | D:1      | 1014 ||| Stepping ~*~*~tactically~*~*~ (hiding).
  1015 | D:1      | 1015 ||| Stepping ~*~*~tactically~*~*~ (hiding).
  1127 | D:1      | 1127 ||| UPGRADING to +0 ring mail.
  1137 | D:1      | 1137 ||| DROPPING +0 leather armour.
  1138 | D:1      | 1138 ||| READING scroll labelled XOENA HEEDGH.
  1139 | D:1      | 1139 ||| READING scroll labelled SAIBLO YMMUROTZ.
  1140 | D:1      | 1140 ||| READING scroll labelled FOUFOCSOPS.
  1141 | D:1      | 1141 ||| READING scroll labelled INIVOG WORCH.
  1142 | D:1      | 1142 ||| DRINKING 2 fuming blue potions.
  1143 | D:1      | 1143 ||| DRINKING 2 glowing cyan potions.
  1144 | D:1      | 1144 ||| DROPPING scroll of blinking.
  1209 | D:2      | Reached XP level 3. HP: 21/21 MP: 7/7
  1221 | D:2      | 1221 ||| Stepping ~*~*~tactically~*~*~ (stealth).
  1233 | D:2      | 1233 ||| Stepping ~*~*~tactically~*~*~ (stealth).
  1243 | D:2      | 1243 ||| Stepping ~*~*~tactically~*~*~ (stealth).
  1304 | D:2      | Reached skill level 4 in Axes
  1348 | D:2      | 1348 ||| Stepping ~*~*~tactically~*~*~ (stealth).
  1486 | D:2      | 1486 ||| Stepping ~*~*~tactically~*~*~ (stealth).
  1535 | D:2      | 1535 ||| Stepping ~*~*~tactically~*~*~ (stealth).
  1580 | D:2      | 1580 ||| Stepping ~*~*~tactically~*~*~ (hiding).
  1677 | D:2      | HP: 5/21 [poisoned by an adder]
  1679 | D:2      | Reached XP level 4. HP: 7/26 MP: 8/8
  1680 | D:2      | 1680 ||| FLEEEEING.
  1716 | D:2      | 1716 ||| FLEEEEING.
  1717 | D:2      | 1717 ||| FLEEEEING.
  1718 | D:2      | 1718 ||| FLEEEEING.
  1719 | D:2      | 1719 ||| FLEEEEING.
  1720 | D:2      | 1720 ||| FLEEEEING.
  1721 | D:2      | 1721 ||| FLEEEEING.
  1722 | D:2      | 1722 ||| FLEEEEING.
  1723 | D:2      | 1723 ||| FLEEEEING.
  1724 | D:2      | 1724 ||| STAIRDANCE
  2110 | D:2      | Found a faded altar of an unknown god.
  2253 | D:2      | 2253 ||| UPGRADING to +0 scale mail.
  2263 | D:2      | 2263 ||| DROPPING +0 ring mail.
  2264 | D:2      | 2264 ||| READING scroll labelled ROCAUR ICVUDD.
  2265 | D:2      | 2265 ||| READING 3 scrolls labelled NURAEG MIRIRPH.
  2266 | D:2      | 2266 ||| READING scroll labelled KOSIGH BUSAUNU.
  2267 | D:2      | 2267 ||| DROPPING 2 scrolls of magic mapping.
  2335 | D:3      | Found a bloodstained altar of Trog.
  2426 | D:3      | Reached skill level 5 in Axes
  2565 | D:3      | 2565 ||| Stepping ~*~*~tactically~*~*~ (stealth).
  2736 | D:3      | 2736 ||| DROPPING +0 club.
  2963 | D:3      | 2963 ||| SWAPPING to +0 war axe.
  2964 | D:3      | 2964 ||| DROPPING +0 hand axe.
  3095 | D:3      | Found a broken altar of Ashenzari.
  3250 | D:3      | Found a burning altar of Makhleb.
  3250 | D:3      | Noticed a green death
  3304 | D:3      | 3304 ||| READING 2 scrolls labelled MUTRAHUCSU.
  3305 | D:3      | 3305 ||| READING 2 scrolls labelled SAUGHO USEHOTZ.
  3306 | D:3      | 3306 ||| READING 2 scrolls labelled CEMIVI COAF.
  3307 | D:3      | 3307 ||| READING scroll of enchant weapon.
  3307 | D:3      | 3307 ||| ENCHANTING +1 war axe.
  3308 | D:3      | 3308 ||| DRINKING 2 inky potions.
  3309 | D:3      | 3309 ||| DROPPING potion of flight.
  3310 | D:3      | 3310 ||| DROPPING scroll of fog.
  3311 | D:3      | 3311 ||| DROPPING scroll of summoning.
  3450 | D:4      | Gained mutation: Your magical nature lets you fly swiftly
                  | and evasively. [Tengu growth]
  3450 | D:4      | Reached XP level 5. HP: 26/30 MP: 9/9
  3549 | D:4      | You are sucked into a shaft and drop 2 floors!
  3563 | D:6      | 3563 ||| DRINKING 2 fuming sapphire potions.
  3564 | D:6      | 3564 ||| READING 2 scrolls of identify.
  3564 | D:6      | 3564 ||| IDENTIFYING metallic orange potion
  3565 | D:6      | 3565 ||| DROPPING potion of magic.
  3566 | D:6      | 3566 ||| DROPPING potion of brilliance.
  3574 | D:5      | Entered Level 5 of the Dungeon
  3582 | D:5      | Reached skill level 6 in Axes
  3681 | D:5      | Noticed an ogre
  3691 | D:5      | Killed an ogre
  3692 | D:5      | Reached skill level 7 in Axes
  3692 | D:5      | Reached XP level 6. HP: 34/35 MP: 10/10
  3929 | D:5      | Reached skill level 3 in Fighting
  4209 | D:4      | Found a hide-covered altar of Uskayaw.
  4335 | D:4      | 4335 ||| Stepping ~*~*~tactically~*~*~ (stealth).
  4340 | D:4      | Reached XP level 7. HP: 36/41 MP: 11/11
  4350 | D:4      | 4350 ||| DRINKING 2 potions of curing.
  4350 | D:4      | 4350 ||| (to cure poison)
  4551 | D:4      | Reached skill level 8 in Axes
  4595 | D:4      | 4595 ||| UPGRADING to +0 pair of gloves.
  4600 | D:4      | 4600 ||| READING scroll of enchant armour.
  4600 | D:4      | 4600 ||| ENCHANTING +0 pair of gloves.
  4601 | D:4      | 4601 ||| UPGRADING to ring of poison resistance.
  4743 | D:5      | Noticed Blork the orc
  4753 | D:5      | Killed Blork the orc
  4914 | D:5      | Found a sparkling altar of Nemelex Xobeh.
  4962 | D:5      | 4962 ||| DROPPING orb of light.
  4963 | D:5      | 4963 ||| READING scroll labelled OSCHYBL VISM.
  5064 | D:5      | 5064 ||| READING scroll labelled YSTYNK KENAUCH.
  5065 | D:5      | 5065 ||| READING 2 scrolls of identify.
  5065 | D:5      | 5065 ||| IDENTIFYING bubbling green potion
  5066 | D:5      | 5066 ||| DROPPING potion of attraction.
  5082 | D:6      | 5082 ||| FLEEEEING.
  5087 | D:6      | 5087 ||| STAIRDANCE
  5125 | D:6      | 5125 ||| Stepping ~*~*~tactically~*~*~ (hiding).
  5304 | D:6      | HP: 5/41 [gnoll/+0 spear (7)]
  5799 | D:6      | HP: 10/40 [wight/+2 halberd of venom (16)]
  5800 | D:6      | HP: 4/39 [wight/+0 long sword (1)]
  5800 | D:6      | Slain by a wight

Levels and vault maps discovered:
D:1:      lightli_arrival_maybe_door_vault, layout_basic, feat_on_display
D:2:      layout_loops_ring, chequers_ecumenical_altar_lobes
D:3:      layout_basic, mainiacjoe_overflow_cross_hatched,
          mainiacjoe_overflow_small_starburst, makhleb_altar_promises_db
D:4:      layout_cave_pools, lemuel_coloured_pillars_altar
D:5:      layout_gridville, overflow_temple_1_default, uniq_blork_the_orc
D:6:      layout_loops_ring

Skill      XL: |  1  2  3  4  5  6  7 |
---------------+----------------------+-----
Axes           | 3 4 5 7 8 |  8.8
Fighting       | 3 |  3.2
Armour         | 2 |  2.7
Throwing       | |  1.0
Dodging        | |  2.1
Spellcasting   | |  2.0
Translocations | |  2.4

Action                   |  1- 3 |  4- 6 |  7- 9 || total
-------------------------+-------+-------+-------++-------
Melee: Hand axe          |    91 |    55 |       ||   146
       Kick              |    21 |    24 |    18 ||    63
       Peck              |    12 |    13 |    11 ||    36
       Punch             |     1 |     1 |       ||     2
       War axe           |       |    54 |    58 ||   112
Throw: Boomerang         |     7 |       |       ||     7
  Use: Scroll            |     4 |     8 |     4 ||    16
       Potion            |     2 |     2 |     1 ||     5
 Stab: Sleeping          |     1 |       |       ||     1
Armor: Leather armour    |    18 |       |       ||    18
       Ring mail         |    16 |     7 |       ||    23
       Scale mail        |       |    34 |    29 ||    63
Dodge: Dodged            |    49 |    46 |    41 ||   136

Table legend:
 A = Non-vault XP
 B = Vault XP
 C = Vault XP percentage of total XP
 D = Non-vault monster count
 E = Vault monster count
 F = Vault count percentage of total count
                 A         B        C        D         E       F
            +---------+---------+-------+---------+---------+-------
      Total |    1075 |      99 |   8.4 |      92 |       1 |   1.1
            +---------+---------+-------+---------+---------+-------
        D:1 |      32 |       0 |   0.0 |      19 |       0 |   0.0
        D:2 |      64 |       0 |   0.0 |      26 |       0 |   0.0
        D:3 |      62 |       0 |   0.0 |      18 |       0 |   0.0
        D:4 |     263 |       0 |   0.0 |      10 |       0 |   0.0
        D:5 |     506 |      99 |  16.4 |      12 |       1 |   7.7
        D:6 |     148 |       0 |   0.0 |       7 |       0 |   0.0
            +---------+---------+-------+---------+---------+-------
